 Dungeon Crawl Stone Soup version 0.31-a0-229-g1fc7ce93e2 (webtiles) character file.

Game seed: 12672715153688862178

295 qw the Shooter (level 6, 0/37 HPs)
             Began as a Gargoyle Hexslinger on July 6, 2023.
             Slain by Eustachio
             ... wielding a +0 rapier
              (2 damage)
             ... on level 4 of the Dungeon.
             The game lasted 00:01:09 (3005 turns).

qw the Shooter (Gargoyle Hexslinger)                Turns: 3005, Time: 00:01:10

Health: 0/37       AC: 10    Str: 11      XL:     6   Next: 34%
Magic:  7/7        EV: 10    Int: 12 (14) God:
Gold:   138        SH:  0    Dex: 13 (14) Spells: 6/7 levels left

rFire   . . .        Y - +4 sling (drain)
rCold   . . .        (no shield)
rNeg    + . .        e - +0 ring mail
rPois   inf          (no helmet)
rElec   +            (no cloak)
rCorr   .            (no gloves)
SInv    .            k - +0 pair of boots
Will    .....        (no amulet)
Stlth   +            (no ring)
HPRegen 0.26/turn    (no ring)
MPRegen 0.10/turn

%: no passive effects
@: no status effects
A: sickness immunity, AC +4, negative energy resistance 1, electricity
resistance, torment resistance 1, petrification resistance
a: no special abilities


You were on level 4 of the Dungeon.
You visited 1 branch of the dungeon, and saw 4 of its levels.
You also visited: Sewer.

You collected 192 gold pieces.
You spent 54 gold pieces at shops.


Innate Abilities, Weirdness & Mutations

You are immune to sickness and miasma.
Your stone body is resilient. (AC +4)
You are immune to poison.
You resist negative energy. (rN+)
You are resistant to electric shocks. (rElec)
You are resistant to unholy torment.
You are immune to petrification.


   Skills:
 - Level 3.2 Fighting
 + Level 5.4 Ranged Weapons
 - Level 1.8 Armour
 - Level 1.5 Dodging
 - Level 1.0 Spellcasting
 - Level 2.6 Hexes


You had 6 spell levels left.
You knew the following spells:

 Your Spells              Type           Power      Damage    Failure   Level
a - Slow                  Hex            28%        N/A       24%         1

Your spell library contained the following spells:

 Spells                   Type           Power      Damage    Failure   Level
 Inner Flame              Hex/Fire       3%         N/A       77%         3
 Portal Projectile        Hex/Tloc       6%         N/A       77%         3
 Cause Fear               Hex            3%         N/A       93%         4

Inventory:

Hand Weapons
 Y - a +4 sling of draining (weapon)
Armour
 e - a +0 ring mail (worn)
 k - a +0 pair of boots (worn)
Scrolls
 b - a scroll of identify
Potions
 a - a potion of enlightenment
 d - 3 potions of resistance
 f - a potion of haste
 g - a potion of mutation
 j - a potion of curing
 l - 2 potions of might
 m - a potion of heal wounds {unknown}

Dungeon Overview and Level Annotations

Branches:
Dungeon (4/15)              Sewer (visited)
 Temple: D:4-7

Altars:
Fedhas
Qazlal

Shops:
D:1 =   D:2 *   D:3 :

Annotations:
D:4 Eustachio


Message History

The quasit barely misses you. The quasit closely misses you.
The quasit claws you but does no damage.
The quasit bites you but does no damage.
The quasit claws you but does no damage.
The quasit barely misses you.
You shoot a sling bullet. The sling bullet misses the quasit.
The quasit disappears in a puff of smoke!
The white imp gestures at you. The puff of frost hits you!
You shoot a sling bullet. The sling bullet hits the crimson imp!
The crimson imp is heavily wounded.
The crimson imp hits you but does no damage.
The crimson imp hits you.
You shoot a sling bullet. The sling bullet hits the crimson imp.
The crimson imp is severely wounded.
The crimson imp misses you.
You shoot a sling bullet. The sling bullet hits the crimson imp.
The crimson imp is severely wounded.
The crimson imp disappears in a puff of smoke!
You shoot a sling bullet.
The sling bullet barely misses the white imp.
The white imp gestures at you. The puff of frost hits you!
Eustachio gestures wildly while chanting.
The white imp hits you. The white imp freezes you.
You shoot a sling bullet. The sling bullet hits the white imp.
The white imp is moderately wounded.
The white imp gestures at you. The puff of frost hits you.
You shoot a sling bullet. The sling bullet hits the white imp!
You kill the white imp!
The white imp disappears in a puff of smoke!
The bat closely misses you. Eustachio misses you.
You shoot a sling bullet. The sling bullet hits Eustachio.
Eustachio is moderately wounded.
Eustachio hits you with a +0 rapier.
You shoot a sling bullet.
The sling bullet closely misses Eustachio.
Eustachio hits you with a +0 rapier.
You die...

## #. ##. ###.r
#...@### #@.###
###..###
###..####
##....####
####......####
###............##
#................
#................
#................


You could see Eustachio (drained) and a quokka (summoned).

Vanquished Creatures
  2 kobold brigands (Sewer)
  3 orc wizards (D:3)
  3 worms
  3 dart slugs
  8 orcs (D:3)
  4 bats
  3 endoplasms
  3 giant cockroaches
  3 hobgoblins
  7 ball pythons
  7 frilled lizards
  5 goblins
  15 kobolds
  7 rats
73 creatures vanquished.

Notes
Turn   | Place    | Note
-------+----------+-------------------------------------------
     0 | D:1      | qw the Gargoyle Hexslinger began the quest for the Orb.
     0 | D:1      | Reached XP level 1. HP: 12/12 MP: 2/2
     0 | D:1      | 0 ||| qw: Version: 0.3-a-46-gb1f654a
     0 | D:1      | 0 ||| qw: Game counter: 1496
     0 | D:1      | 0 ||| qw: Melee chars always use a shield: true
     0 | D:1      | 0 ||| qw: God list: Okawaru
     0 | D:1      | 0 ||| qw: Allow faded altars: false
     0 | D:1      | 0 ||| qw: Do Orc after clearing Dungeon:15 true
     0 | D:1      | 0 ||| qw: Do second Lair branch before Depths: true
     0 | D:1      | 0 ||| qw: Lair rune preference: random
     0 | D:1      | 0 ||| qw: Goals: Normal
     0 | D:1      | 0 ||| PLANNING D:1-11
   242 | D:1      | Found Wuwigis's One-of-a-Kind Rings.
   256 | D:1      | 256 ||| SHOPLISTING +3 ring of protection (273 gold, have
                  | 43).
   256 | D:1      | 256 ||| SHOPLISTING +8 ring of evasion (1014 gold, have
                  | 43).
   256 | D:1      | 256 ||| SHOPLISTING ring "Ocusei" {rC+ Int+4 Dex+6} (759
                  | gold, have 43).
   256 | D:1      | 256 ||| SHOPLISTING ring of Foji {Dex+6 Stlth+} (595 gold,
                  | have 43).
   490 | D:1      | Reached XP level 2. HP: 16/16 MP: 3/3
   968 | D:1      | 968 ||| READING 2 scrolls labelled OJOHE KAYVIBRU.
   969 | D:1      | 969 ||| READING scroll of enchant weapon.
   969 | D:1      | 969 ||| ENCHANTING +2 sling.
   970 | D:1      | 970 ||| READING scroll labelled DAUNTA MEBE.
   971 | D:1      | 971 ||| READING 2 scrolls labelled BUFIFR HOOHU.
   972 | D:1      | 972 ||| READING scroll of brand weapon.
   972 | D:1      | 972 ||| BRANDING +3 sling of electrocution.
   973 | D:1      | 973 ||| READING scroll labelled ZUESHR VENOS.
  1074 | D:1      | 1074 ||| DROPPING scroll of poison.
  1148 | D:2      | Found Igacw's Assorted Antiques.
  1158 | D:2      | 1158 ||| BUYING 2 ruby potions (54 gold).
  1158 | D:2      | Bought 2 ruby potions for 54 gold pieces
  1158 | D:2      | 1158 ||| SHOPLISTING grey potion (27 gold, have 25).
  1158 | D:2      | 1158 ||| SHOPLISTING pair of gloves (135 gold, have 25).
  1158 | D:2      | 1158 ||| SHOPLISTING scroll labelled ASATAT XOEHYTU (30
                  | gold, have 25).
  1177 | D:2      | Reached skill level 3 in Ranged Weapons
  1373 | D:2      | Reached XP level 3. HP: 21/21 MP: 4/4
  1536 | D:2      | 1536 ||| UPGRADING to +0 ring mail.
  1546 | D:2      | 1546 ||| DROPPING +0 robe.
  1547 | D:2      | 1547 ||| UPGRADING to +0 pair of boots.
  1552 | D:2      | 1552 ||| READING scroll labelled QYSAUG LAFIKAZO.
  1553 | D:2      | 1553 ||| READING scroll labelled ELA UVEYLU.
  1554 | D:2      | 1554 ||| DRINKING 2 ruby potions.
  1555 | D:2      | 1555 ||| DRINKING 2 golden potions.
  1556 | D:2      | 1556 ||| DROPPING potion of degeneration.
  1587 | D:3      | 1587 ||| PLANNING SEWER
  1752 | D:3      | Reached skill level 1 in Armour
  1782 | D:3      | Found a blossoming altar of Fedhas.
  1784 | D:3      | Found a stormy altar of Qazlal.
  1796 | D:3      | Reached XP level 4. HP: 26/26 MP: 5/5
  1876 | D:3      | Found a glowing drain.
  1879 | D:3      | 1879 ||| DRINKING 2 bubbling pink potions.
  1880 | D:3      | 1880 ||| READING 2 scrolls of identify.
  1880 | D:3      | 1880 ||| IDENTIFYING white potion
  1887 | D:3      | Found Alolav's Book Shoppe.
  1888 | D:3      | 1888 ||| Stepping ~*~*~tactically~*~*~ (water).
  1897 | Sewer    | Entered a sewer
  1915 | Sewer    | Noticed a kobold brigand
  1918 | Sewer    | HP: 5/26 [kobold brigand/+0 dagger of distortion (3)]
  1920 | Sewer    | Killed a kobold brigand
  1921 | Sewer    | Reached skill level 4 in Ranged Weapons
  1921 | Sewer    | Reached XP level 5. HP: 7/30 MP: 6/6
  1922 | Sewer    | HP: 2/30 [kobold/+0 club (1)]
  1937 | Sewer    | HP: 3/30 [kobold/+0 short sword (2)]
  2202 | Sewer    | Noticed a kobold brigand
  2211 | Sewer    | Killed a kobold brigand
  2212 | Sewer    | Reached skill level 5 in Ranged Weapons
  2264 | Sewer    | 2264 ||| READING scroll labelled JACWIAL OLIPS.
  2265 | Sewer    | 2265 ||| DRINKING 3 smoky red potions.
  2266 | Sewer    | 2266 ||| DRINKING 2 viscous inky potions.
  2267 | Sewer    | 2267 ||| DRINKING 3 grey potions.
  2268 | Sewer    | 2268 ||| DRINKING 3 purple potions.
  2269 | Sewer    | 2269 ||| DROPPING 2 potions of brilliance.
  2284 | D:3      | 2284 ||| PLANNING D:1-11
  2305 | D:3      | Reached XP level 6. HP: 35/35 MP: 7/7
  2350 | D:3      | 2350 ||| READING scroll of enchant weapon.
  2350 | D:3      | 2350 ||| ENCHANTING +3 sling of draining.
  2411 | D:3      | 2411 ||| Stepping ~*~*~tactically~*~*~ (outnumbered).
  2463 | D:3      | 2463 ||| FLEEEEING.
  2466 | D:3      | 2466 ||| Stepping ~*~*~tactically~*~*~ (water).
  2536 | D:3      | Reached skill level 3 in Fighting
  2866 | D:3      | 2866 ||| READING scroll labelled LONEFI DEICUUX.
  2867 | D:3      | 2867 ||| READING scroll labelled CERPHA MESINUSTO.
  2868 | D:3      | 2868 ||| DRINKING 2 viscous yellow potions.
  2909 | D:3      | 2909 ||| DROPPING potion of lignification.
  2985 | D:4      | Noticed Eustachio
  3001 | D:4      | HP: 9/37 [white imp[Eustachio] (5)]
  3004 | D:4      | HP: 1/37 [Eustachio/+0 rapier (4)]
  3005 | D:4      | Slain by Eustachio

Levels and vault maps discovered:
D:1:      lemuel_arrival_cross, layout_loops_corners, nicolae_shop_unique_rings,
          nrook_mini_backslash, minmay_crystal_room, dk_noncrumbling_2,
          nrook_loot_triangle, item_on_display_a
D:2:      layout_rooms, serial_shops, nicolae_lakefront_shop
D:3:      layout_loops_ring, grunt_temple_overflow_forces_of_nature,
          cheibrodos_sewer_entry_drain, serial_shops, shop, kennysheep_path_1,
          kennysheep_generic_room_9
D:4:      layout_cave_pods, xom_butterflies, minmay_temple_entry_junction,
          serial_shops, shop, uniq_crazy_yiuf_cottage, uniq_eustachio

Skill      XL: |  1  2  3  4  5  6 |
---------------+-------------------+-----
Ranged Weapons | 3 4 5 |  5.4
Fighting       | 2 3 |  3.2
Armour         | 1 |  1.8
Dodging        | |  1.5
Spellcasting   | |  1.0
Hexes          | |  2.6

Action                     |  1- 3 |  4- 6 || total
---------------------------+-------+-------++-------
   Fire: Sling             |    60 |   168 ||   228
    Use: Scroll            |     8 |     5 ||    13
         Potion            |     2 |     6 ||     8
 Armour: Robe              |     4 |       ||     4
         Ring mail         |     7 |   121 ||   128
  Dodge: Dodged            |    11 |    86 ||    97

Table legend:
 A = Non-vault XP
 B = Vault XP
 C = Vault XP percentage of total XP
 D = Non-vault monster count
 E = Vault monster count
 F = Vault count percentage of total count
                 A         B        C        D         E       F
            +---------+---------+-------+---------+---------+-------
      Total |     163 |     259 |  61.4 |      45 |      28 |  38.4
            +---------+---------+-------+---------+---------+-------
        D:1 |      13 |       0 |   0.0 |       8 |       0 |   0.0
        D:2 |      29 |       0 |   0.0 |      14 |       0 |   0.0
        D:3 |     121 |      42 |  25.8 |      23 |       5 |  17.9
      Sewer |       0 |     217 | 100.0 |       0 |      23 | 100.0
            +---------+---------+-------+---------+---------+-------
